 Dungeon Crawl Stone Soup version 0.19.5 (webtiles) character file.

40 Mesmaeker13 the Ducker (level 3, -12/28 HPs)
             Began as a Demonspawn Gladiator on Apr 22, 2017.
             Was an Initiate of Okawaru.
             Killed by divine providence
             ... invoked by an orc priest
              (16 damage)
             ... on level 3 of the Dungeon on Apr 23, 2017.
             The game lasted 00:04:15 (1071 turns).

Mesmaeker13 the Ducker (Demonspawn Gladiator)       Turns: 1071, Time: 00:04:16

Health: -12/28     AC:  5    Str: 16    XL:     3   Next: 30%
Magic:  3/3        EV: 13    Int:  9    God:    Okawaru [......]
Gold:   81         SH:  0    Dex: 13    Spells: 0 memorised, 2 levels left

rFire  . . .     SeeInvis .     a - +0 rapier
rCold  . . .     Gourm    .     b - +0 leather armour
rNeg   . . .     Faith    .     (no shield)
rPois  .         Spirit   .     (helmet restricted)
rElec  .         Reflect  .     (no cloak)
rCorr  .         Harm     .     (no gloves)
MR     .....                    (no boots)
Stlth  +.........               (no amulet)
                                (no ring)
                                (no ring)

@: no status effects
A: horns 1, yellow scales 1
a: Renounce Religion


You were on level 3 of the Dungeon.
You worshipped Okawaru.
Okawaru was noncommittal.
You were not hungry.

You visited 1 branch of the dungeon, and saw 3 of its levels.

You collected 81 gold pieces.

Inventory:

Hand Weapons
 a - a +0 rapier (weapon)
Missiles
 d - 3 throwing nets (quivered)
Armour
 b - a +0 leather armour (worn)
 c - a +0 helmet
Scrolls
 g - a scroll of recharging {unknown}
 i - a scroll of amnesia {unknown}
 n - a scroll of identify {unknown}
 o - a scroll of remove curse {unknown}
Potions
 e - a potion of lignification {unknown}
 h - a potion of resistance {unknown}
 l - a potion of flight {unknown}
Comestibles
 f - 3 bread rations
 j - 9 chunks of flesh
 k - a slice of pizza
 m - a meat ration


   Skills:
 + Level 2.4 Fighting
 - Level 3.1 Short Blades
 - Level 1.7 Throwing
 + Level 3.3 Dodging


You had 2 spell levels left.
You didn't know any spells.

Dungeon Overview and Level Annotations

Branches:
Dungeon (3/15)

Altars:
Okawaru


Innate Abilities, Weirdness & Mutations

You have a pair of small horns on your head.
You are partially covered in yellow scales. (AC +2)


Message History

The stone completely misses you.
You see here a stone.
The orc wizard gestures wildly while chanting.
The orc wizard seems to speed up.
The orc misses you.
The orc priest looks braver for a moment.
The kobold barely misses you. The orc barely misses you.
The kobold hits you with a short sword.
The orc wizard hits you but does no damage.
The kobold barely misses you.
The orc wizard points at you and mumbles some strange words.
The magic dart hits you!
The orc priest mumbles some strange prayers to Beogh against you.
Pain shoots through your body!
* * * LOW HITPOINT WARNING * * *
The kobold barely misses you.
Found a stone staircase leading down.
The orc priest calls down the wrath of Beogh upon you.
Beogh smites you!
Ouch! That really hurt!
You die...

.......#####.....
...........#.....
................
..............#
..............#
..........K...#
#.....o....#
#...@oKo..(#
#.....o....#
.>..#........###.#
###.#..............
.......<.........
.........##......
..........# .)....
..........# ####..
.........# ..


You could see an orc priest, an orc wizard, 2 orcs and 2 kobolds.

Vanquished Creatures
  A worm (D:2)
  A leopard gecko (D:2)
  5 bats
  A giant cockroach (D:1)
  A goblin (D:1)
  10 hobgoblins
  3 jackals (D:2)
  2 frilled lizards
  3 kobolds
  6 rats (D:1)
33 creatures vanquished.

Notes
Turn   | Place    | Note
-------+----------+-------------------------------------------
     0 | D:1      | Mesmaeker13 the Demonspawn Gladiator began the quest for the Orb.
     0 | D:1      | Reached XP level 1. HP: 16/16 MP: 1/1
   330 | D:1      | Gained mutation: You are partially covered in yellow scales. (AC +2) [demonic ancestry]
   330 | D:1      | Reached XP level 2. HP: 22/22 MP: 2/2
   876 | D:2      | Found an iron altar of Okawaru.
   882 | D:2      | Became a worshipper of Warmaster Okawaru
   919 | D:2      | Gained mutation: You have a pair of small horns on your head. [demonic ancestry]
   919 | D:2      | Reached XP level 3. HP: 27/28 MP: 3/3
  1071 | D:3      | Killed from afar by an orc priest

Skill      XL: |  1  2 |
---------------+-------+-----
Dodging        | 3 |  3.3
Short Blades   | 3 |  3.1
Fighting       | |  2.4
Throwing       | |  1.7

Action                   || total
-------------------------++-------
Melee: Rapier            ||   103
       Headbutt          ||     5
Throw: Throwing net      ||     1
 Stab: Held in net/web   ||     1
       Sleeping          ||     1
  Eat: Chunk             ||     1
Armor: Leather armour    ||    37
Dodge: Dodged            ||    77
